 Dungeon Crawl Stone Soup version 0.31.0-11-ge490571c62 (webtiles) character file.

Game seed: 14829001766506277295

8135 cdecastro the Arsonist (level 11, -8/56 HPs)
             Began as a Deep Elf Fire Elementalist on Jan 29, 2024.
             Was an Elder of Hepliaklqana.
             Mangled by a komodo dragon (15 damage)
             ... on level 11 of the Dungeon on Jan 30, 2024.
             The game lasted 00:29:41 (11304 turns).

cdecastro the Arsonist (DEFE)                      Turns: 11304, Time: 00:29:41

Health: -8/56      AC:  7    Str: 11    XL:     11   Next: 5%
Magic:  19/27      EV: 14    Int: 25    God:    Hepliaklqana [****..]
Gold:   660        SH:  0    Dex: 15    Spells: 13/30 levels left

rFire   . . .        a - +4 arbalest "Sixzusk" {speed, rPois}
rCold   . . .        (shield currently unavailable)
rNeg    . . .        i - +0 robe
rPois   +            K - +1 helmet
rElec   .            C - +2 cloak
rCorr   .            (no gloves)
SInv    .            (no boots)
Will    +....        h - amulet of magic regeneration
Stlth   ++           N - +6 ring of strength
HPRegen 0.29/turn    (no ring)
MPRegen 0.60/turn

%: no passive effects
@: no status effects
A: reduced essence
a: Renounce Religion, Recall Ancestor, Ancestor Identity, Transference, Idealise


You were on level 11 of the Dungeon.
You worshipped Hepliaklqana.
Hepliaklqana was greatly pleased with you.
You visited 2 branches of the dungeon, and saw 12 of its levels.

You collected 660 gold pieces.

Inventory:

Hand Weapons
 a - the +4 arbalest "Sixzusk" (weapon) {speed, rPois}
   (You found it on level 8 of the Dungeon)

   rPois:     It protects you from poison
 b - the +7 dagger of True Grit {venom, rC+}
   (You took it off a centaur on level 7 of the Dungeon)

   rC+:       It protects you from cold.
Missiles
 l - a throwing net
Armour
 i - a +0 robe (worn)
 C - a +2 cloak (worn)
 K - a +1 helmet (worn)
Magical Staves
 c - a staff of conjuration
 z - a staff of death
Jewellery
 h - an amulet of magic regeneration (around neck)
 L - an amulet of the acrobat
 N - a +6 ring of strength (left hand)
Wands
 D - a wand of light (6)
 O - a wand of flame (12)
Scrolls
 k - 2 scrolls of revelation {unknown}
 m - a scroll of enchant armour {unknown}
 n - 4 scrolls of vulnerability {unknown}
 r - 9 scrolls of identify {unknown}
 s - 3 scrolls of fear {unknown}
 t - 2 scrolls of amnesia {unknown}
 u - 2 scrolls of noise {unknown}
 x - a scroll of torment {unknown}
 y - 2 scrolls of teleportation {unknown}
 A - a scroll of fog {unknown}
 B - a scroll of immolation {unknown}
 G - a scroll of blinking {unknown}
 J - a scroll of silence {unknown}
 M - a scroll of poison {unknown}
Potions
 d - 2 potions of berserk rage {unknown}
 e - a potion of ambrosia {unknown}
 f - 3 potions of heal wounds
 g - a potion of cancellation {unknown}
 j - a potion of lignification {unknown}
 o - 2 potions of haste {unknown}
 p - 3 potions of degeneration {unknown}
 q - a potion of magic
 v - 5 potions of curing {unknown}
 w - 2 potions of enlightenment {unknown}
 E - a potion of attraction {unknown}
 F - a potion of mutation {unknown}
 H - a potion of brilliance {unknown}
 I - 2 potions of might {unknown}


   Skills:
 - Level 5.0 Fighting
 + Level 4.8 Dodging
 - Level 2.4 Stealth
 - Level 10.0 Spellcasting
 - Level 10.0 Conjurations
 - Level 12.0 Fire Magic


You had 13 spell levels left.
You knew the following spells:

 Your Spells              Type           Power      Damage    Failure   Level
a - Foxfire               Conj/Fire      100%       2x1d9     1%          1
b - Scorch                Fire           100%       2d9       1%          2
c - Inner Flame           Hex/Fire       42%        N/A       1%          3
d - Volatile Blastmotes   Fire/Tloc      84%        2d17      1%          3
e - Flame Wave            Conj/Fire      61%        2d14      1%          4
f - Summon Blazeheart Go  Fire/Summ      42%        N/A       4%          4

Your spell library contained the following spells:

 Spells                   Type           Power      Damage    Failure   Level
 Sting                    Conj/Alch      100%       1d9       1%          1
 Momentum Strike          Conj/Tloc      74%        3d10      1%          2
 Summon Small Mammal      Summ           48%        N/A       4%          1
 Blink                    Tloc           24%        N/A       8%          2
 Ensorcelled Hibernation  Hex/Ice        24%        N/A       8%          2
 Lesser Beckoning         Tloc           24%        N/A       8%          2
 Mercury Vapours          Alch/Air       24%        N/A       8%          2
 Call Canine Familiar     Summ           12%        N/A       14%         3
 Passwall                 Erth           12%        N/A       14%         3
 Swiftness                Air            12%        N/A       14%         3
 Olgreb's Toxic Radiance  Alch           12%        N/A       43%         4


Dungeon Overview and Level Annotations

Branches:
Dungeon (11/15)            Temple (1/1) D:7            Lair (0/5) D:8
    Orc (0/2) D:9

Altars:
Ashenzari
Cheibriados
Dithmenos
Elyvilon
Fedhas
Gozag
Hepliaklqana
Kikubaaqudgha
Makhleb
Nemelex Xobeh
Okawaru
Qazlal
Ru
Sif Muna
Trog
Uskayaw
Vehumet
Wu Jian
Xom
Yredelemnul
Zin
The Shining One

Shops:
D:4 [

Annotations:
D:4 Eustachio
D:6 3 runed translucent doors, browni3141's ghost, novice MiFi
D:9 3 runed translucent doors, turdburglar's ghost, journeyman MfSh
D:10 1 runed translucent door


Message History

* * * LOW HITPOINT WARNING * * *
The killer bee barely misses Artakama.
The killer bee stings Artakama.
Your blazeheart golem punches the komodo dragon!
Artakama blocks the killer bee's attack.
The komodo dragon bites your blazeheart golem!
Artakama misses the killer bee.
Artakama blocks the killer bee's attack.
The killer bee closely misses you.
Unknown command.
Casting: Scorch (safe; 1% risk of failure)
Confirm with . or Enter, or press ? or * to list all spells.
Casting: Flame Wave (dangerous; 1% risk of failure)
Press: ? - help, Dir - look around, f - activate A wave of flame ripples out!
Artakama avoids your attack.
The flame wave engulfs the killer bee!!
You kill the killer bee! (Press . to intensify the flame waves.)
Your blazeheart golem's core grows cold and it stops moving.
Artakama blocks the killer bee's attack.
The komodo dragon bites your blazeheart golem!
Your blazeheart golem falls apart and the last of its fire goes out.
The killer bee stings Artakama but does no damage.
Artakama hits the killer bee with a +0 flail!
The killer bee dies!
The komodo dragon hisses angrily.
Unknown command.
A wave of flame ripples out!
Artakama avoids your attack.
The flame wave engulfs the komodo dragon.
The komodo dragon is burned terribly!
The komodo dragon is severely wounded.
The komodo dragon is no longer more vulnerable to fire.
Unknown command.
Unknown command.
Unknown command.
Unknown command.
A wave of flame ripples out!
Artakama avoids your attack.
The flame wave engulfs the komodo dragon.
The komodo dragon is severely wounded.
You finish channelling waves of flame.
The komodo dragon bites you!
You die...

#########'##+####.
................
................
................
................
................
................
...####+##############'##
......§l@...............#
.......R†........^......#
........................#
#..##..###...##..########
#. #.. ##...##..### . #
.... #....#.....# . .....
#....'.....# .. ......
#....#.....# ....
#....#.....#


You could see the friendly Artakama the knight and a komodo dragon (ally
target).

Vanquished Creatures
  An ugly thing (D:9)
  A gargoyle (D:10)
  A troll (D:8)
  Grinder (D:4)
  A wraith (D:10)
  3 yaks
  Grum (D:8)
  A wyvern (D:10)
  A steam dragon (D:8)
  A water moccasin (D:5)
  An orc warrior (D:9)
  A sky beast (D:6)
  An ogre (D:5)
  A black bear (D:5)
  3 ice beasts
  2 wolves (D:8)
  6 centaurs
  A phantom (D:6)
  3 kobold brigands
  Blork the orc (D:4)
  2 bullfrogs
  A gnoll sergeant (D:10)
  2 scorpions
  3 wights (D:10)
  9 killer bees
  2 electric eels (D:8)
  A bombardier beetle (D:4)
  8 hounds
  3 gnoll boudas
  2 jellies
  An orc priest (D:11)
  2 orc wizards
  2 sleepcaps
  2 iguanas (D:6)
  7 adders
  15 gnolls
  2 shadow imps (D:8)
  2 white imps
  2 ufetubi (D:5)
  3 ribbon worms
  6 dart slugs
  11 orcs
  4 ball pythons
  13 endoplasms
  A giant cockroach (D:2)
  14 goblins
  10 hobgoblins
  7 jackals
  15 kobolds
  5 quokkas
  3 bats
  7 frilled lizards
  3 rats
202 creatures vanquished.

Vanquished Creatures (collateral kills)
  A boulder beetle (D:10)
  A two-headed ogre (D:10)
  A wyvern (D:9)
  An ice beast (D:7)
  3 wolves
  3 centaurs
  2 gnoll sergeants (D:10)
  A wight (D:10)
  3 killer bees
  3 hounds
  A jelly (D:5)
  8 gnolls
  A ribbon worm (D:5)
  5 orcs
  3 jackals (D:10)
  6 kobolds
43 creatures vanquished.

Vanquished Creatures (others)
  A blazeheart core (D:10)
  805 foxfires
806 creatures vanquished.

Grand Total: 1051 creatures vanquished

Notes
Turn   | Place    | Note
-------+----------+-------------------------------------------
     0 | D:1      | cdecastro the Deep Elf Fire Elementalist began the quest
                  | for the Orb.
     0 | D:1      | Reached XP level 1. HP: 10/10 MP: 6/6
   318 | D:1      | Reached XP level 2. HP: 15/15 MP: 5/8
   326 | D:1      | Reached skill level 4 in Fire Magic
  1205 | D:2      | Reached XP level 3. HP: 19/19 MP: 7/9
  1381 | D:2      | Reached skill level 5 in Fire Magic
  1774 | D:2      | Found a faded altar of an unknown god.
  1916 | D:2      | Reached XP level 4. HP: 24/24 MP: 6/10
  2886 | D:3      | Reached skill level 6 in Fire Magic
  3015 | D:3      | Found a sparkling altar of Nemelex Xobeh.
  3063 | D:3      | Found an ancient bone altar of Kikubaaqudgha.
  3085 | D:3      | Found a blossoming altar of Fedhas.
  3129 | D:3      | Reached XP level 5. HP: 28/28 MP: 3/11
  3136 | D:3      | Learned a level 2 spell: Scorch
  3140 | D:3      | Learned a level 3 spell: Inner Flame
  3144 | D:3      | Learned a level 3 spell: Volatile Blastmotes
  3271 | D:3      | Found a hazy altar of Hepliaklqana.
  3396 | D:3      | Found a burning altar of Makhleb.
  3399 | D:3      | Noticed an Executioner
  3423 | D:3      | Found a glowing silver altar of Zin.
  3424 | D:3      | Noticed an angel
  3519 | D:3      | Became a worshipper of Hepliaklqana the Forgotten
  3563 | D:4      | Noticed Blork the orc
  3725 | D:4      | Found a white marble altar of Elyvilon.
  3747 | D:4      | Noticed Grinder
  3967 | D:4      | Reached skill level 7 in Fire Magic
  4401 | D:4      | Killed Grinder
  4402 | D:4      | Reached skill level 8 in Fire Magic
  4402 | D:4      | Reached XP level 6. HP: 32/32 MP: 1/15
  4407 | D:4      | Learned a level 4 spell: Flame Wave
  4516 | D:4      | Reached skill level 5 in Spellcasting
  4628 | D:4      | Found a shimmering altar of Xom.
  4642 | D:4      | Found Wephuk's Antique Armour Shop.
  4649 | D:4      | Noticed an ice beast
  4651 | D:4      | Reached XP level 7. HP: 15/36 MP: 6/17
  4780 | D:4      | Killed Blork the orc
  5032 | D:4      | Noticed Eustachio
  5297 | D:5      | Entered Level 5 of the Dungeon
  5297 | D:5      | Reached * piety under Hepliaklqana
  5517 | D:5      | Found a radiant altar of Vehumet.
  5527 | D:5      | Found an iron altar of Okawaru.
  5667 | D:5      | Reached XP level 8. HP: 36/36 MP: 17/23
  5941 | D:5      | Reached skill level 10 in Spellcasting
  6060 | D:6      | Found a runed translucent gate.
  6062 | D:6      | Found a runed translucent gate.
  6063 | D:6      | Found a runed translucent gate.
  6064 | D:6      | Found an opulent altar of Gozag.
  6065 | D:6      | Noticed browni3141's ghost (novice MiFi)
  6878 | D:7      | Reached skill level 5 in Conjurations
  7210 | D:7      | Reached ** piety under Hepliaklqana
  7211 | D:7      | Remembered your ancestor Artakama as a knight
  7225 | D:7      | Identified the +7 dagger of True Grit {venom, rC+}
  7307 | D:7      | Noticed a +0 spear
  7307 | D:7      | Noticed a +0 falchion
  7307 | D:7      | Noticed a +0 dagger
  7308 | D:7      | Noticed a +0 dagger
  7309 | D:7      | Noticed a +0 short sword
  7309 | D:7      | Noticed a +0 spear
  7309 | D:7      | Noticed a +0 short sword
  7310 | D:7      | Noticed a +0 falchion
  7323 | D:7      | Reached XP level 9. HP: 14/40 MP: 15/25
  7533 | D:7      | Found a staircase to the Ecumenical Temple.
  7541 | Temple   | Entered the Ecumenical Temple
  7627 | D:7      | Found a hide-covered altar of Uskayaw.
  7922 | D:8      | HP: 2/40 [wolf (5)]
  7943 | D:8      | Noticed a troll
  8056 | D:8      | Noticed Grum
  8066 | D:8      | Killed Grum
  8074 | D:8      | Killed a troll
  8075 | D:8      | Reached skill level 10 in Conjurations
  8075 | D:8      | Reached skill level 1 in Fighting
  8511 | D:8      | Identified the +4 arbalest "Sixzusk" {speed, rPois}
  8635 | D:8      | Found a staircase to the Lair.
  8648 | D:8      | Reached *** piety under Hepliaklqana
  8963 | D:8      | Reached XP level 10. HP: 43/52 MP: 21/26
  9070 | D:9      | Noticed a purple ugly thing
  9083 | D:9      | Killed a purple ugly thing
  9084 | D:9      | Reached skill level 5 in Fighting
  9089 | D:9      | Learned a level 4 spell: Summon Blazeheart Golem
  9338 | D:9      | Noticed turdburglar's ghost (journeyman MfSh)
  9343 | D:9      | Found a runed translucent gate.
  9542 | D:9      | Found a basalt altar of Yredelemnul.
  9767 | D:9      | Found a staircase to the Orcish Mines.
  9777 | D:9      | Found a runed translucent gate.
  9781 | D:9      | Found a runed translucent gate.
 10055 | D:10     | Entered Level 10 of the Dungeon
 10055 | D:10     | Found a shadowy altar of Dithmenos.
 10059 | D:10     | Noticed a two-headed ogre
 10069 | D:10     | Killed a two-headed ogre
 10070 | D:10     | Reached skill level 9 in Fire Magic
 10077 | D:10     | Noticed a boulder beetle
 10108 | D:10     | Killed a boulder beetle
 10109 | D:10     | Reached skill level 10 in Fire Magic
 10181 | D:10     | Noticed a gargoyle
 10186 | D:10     | Killed a gargoyle
 10187 | D:10     | Reached skill level 11 in Fire Magic
 10317 | D:10     | Found a sacrificial altar of Ru.
 10362 | D:10     | Reached **** piety under Hepliaklqana
 10541 | D:10     | Found a runed translucent door.
 10618 | D:10     | Reached XP level 11. HP: 56/56 MP: 24/27
 10639 | D:10     | Reached skill level 12 in Fire Magic
 11304 | D:11     | Mangled by a komodo dragon

Illustrated notes

Levels and vault maps discovered:
D:1:      lightli_arrival_lavapool, layout_loops_ring
D:2:      cheibrodos_greedy_goblins, layout_basic,
          shapermc_ecumenical_altar_mp_urbaneastern
D:3:      layout_basic, grunt_temple_overflow_order_and_chaos_2,
          nicolae_kikubaaqudgha_miasma_corner,
          nemelex_xobeh_ov_fountains_minmay, fedhas_altar_2, marbit_many_paths
D:4:      layout_loops_ring, lemuel_doored_altar, mainiacjoe_overflow_24_doors,
          serial_shops, shop, uniq_blork_the_orc, uniq_eustachio, uniq_grinder
D:5:      layout_rooms, overflow_temple_1_default, old_standard_altar
D:6:      layout_cave_pools, ebering_ghost_gozag
D:7:      layout_layer_cave, nicolae_uskayaw_en_pointe, temple_fountains,
          hangedman_glass_teeth
D:8:      layout_basic, erik_lair_island, uniq_grum
D:9:      layout_stronghold, mainiacjoe_overflow_brackets, orc_0_dummy,
          gammafunk_ghost_split
D:10:     layout_cave_pools, nicolae_ru_awakened_eye, grunt_dithmenos_smoke,
          serial_gnoll_camp, gnoll_camp_huts_basic, gnoll_camp_mini_doghouse,
          gnoll_camp_mini_basic, gnoll_camp_mini_loothouse,
          gnoll_camp_mini_house, minmay_st_funbox
D:11:     layout_gridville, zin_academy, uniq_nergalle
Temple:   nicolae_temple_ecumenical_triangle

Skill      XL: |  1  2  3  4  5  6  7  8  9 10 11 |
---------------+----------------------------------+-----
Fire Magic     | 4 5 6 8 11 12 | 12.0
Spellcasting   | 4 5 9 10 | 10.0
Conjurations   | 7 10 | 10.0
Fighting       | 4 5 |  5.0
Dodging        | 3 4 |  4.8
Stealth        | |  2.4

Action                     |  1- 3 |  4- 6 |  7- 9 | 10-12 || total
---------------------------+-------+-------+-------+-------++-------
  Melee: Unarmed           |     2 |       |       |       ||     2
   Fire: Shortbow          |     9 |    10 |     4 |       ||    23
         Arbalest          |       |       |    12 |    29 ||    41
         Orcbow            |       |       |     1 |       ||     1
   Cast: Foxfire           |    75 |   102 |   199 |    96 ||   472
         Scorch            |       |    24 |    32 |    33 ||    89
         Inner Flame       |       |       |     5 |     7 ||    12
         Flame Wave        |       |       |     3 |     3 ||     6
         Summon Blazeheart |       |       |       |     7 ||     7
         Volatile Blastmot |       |       |       |     1 ||     1
 Invoke: Recall Ancestor   |       |       |     4 |       ||     4
         Ancestor Life: Kn |       |       |     1 |       ||     1
    Use: Potion            |       |       |     2 |       ||     2
 Armour: Robe              |     9 |    19 |    33 |    22 ||    83
  Dodge: Dodged            |    12 |    19 |    32 |    18 ||    81
